 Dungeon Crawl Stone Soup version 0.24.0-37-gcf1ca852f1 (webtiles) character file.

Game seed: 10379376140293967950, levelgen mode: deterministic

894 Gremour the Fighter (level 7, -5/69 HPs)
             Began as a Black Draconian Monk on Dec 5, 2019.
             Was a Believer of the Shining One.
             Slain by an orc priest
             ... wielding a +0 short sword
              (6 damage)
             ... on level 6 of the Dungeon.
             The game lasted 00:17:34 (4025 turns).

Gremour the Fighter (Black Draconian Monk)          Turns: 4025, Time: 00:17:35

Health: -5/69      AC:  9    Str: 13    XL:     7   Next: 78%
Magic:  4/7        EV: 15    Int: 10    God:    the Shining One [**....]
Gold:   192        SH:  6    Dex: 16    Spells: 6/6 levels left

rFire    . . .     SeeInvis .   a - +0 falchion
rCold    . . .     Gourm    .   (no shield)
rNeg     + + .     Faith    .   (armour unavailable)
rPois    .         Spirit   .   (helmet restricted)
rElec    +         Reflect  .   k - +1 cloak {+Inv}
rCorr    .         Harm     .   t - +0 pair of gloves
MR       .....                  (no boots)
Stlth    +.........             (no amulet)
HPRegen  0.21/turn              q - ring of positive energy
MPRegen  0.10/turn              (no ring)

@: divine shield, glowing
A: breathe lightning, unfitting armour, electricity resistance, cold-blooded, AC
+6
a: Breathe Lightning, Divine Shield, Renounce Religion, Evoke Invisibility


You were on level 6 of the Dungeon.
You worshipped the Shining One.
The Shining One was pleased with you.
You were hungry.

You visited 2 branches of the dungeon, and saw 7 of its levels.

You collected 192 gold pieces.

Inventory:

Hand Weapons
 a - a +0 falchion (weapon)
Armour
 k - a +1 cloak of invisibility (worn)
 t - a +0 pair of gloves (worn)
Jewellery
 q - a ring of positive energy (left hand)
 s - an uncursed ring of see invisible {unknown}
Wands
 i - a wand of polymorph (7)
 w - a wand of disintegration (12)
Scrolls
 c - 3 scrolls of remove curse {unknown}
 e - 2 scrolls of enchant weapon {unknown}
 l - a scroll of amnesia {unknown}
 m - 3 scrolls of teleportation
 o - 3 scrolls of identify
 p - 2 scrolls of enchant armour {unknown}
 r - a scroll of holy word {unknown}
Potions
 b - 3 potions of curing {unknown}
 d - 2 potions of mutation {unknown}
 f - a potion of heal wounds {unknown}
 h - a potion of ambrosia {unknown}
 j - 2 potions of lignification {unknown}
 n - 2 potions of might {unknown}
 u - a potion of brilliance {unknown}
 v - a potion of cancellation {unknown}
 x - a potion of degeneration {unknown}
 z - a potion of invisibility {unknown}
Comestibles
 g - 9 rations


   Skills:
 * Level 8.8 Fighting
 - Level 3.0 Long Blades
 + Level 5.1 Dodging
 - Level 1.7 Stealth
 + Level 0.9 Evocations


You had 6 spell levels left.
You didn't know any spells.
Your spell library was empty.

Dungeon Overview and Level Annotations

Branches:
Dungeon (6/15)             Temple (1/1) D:5

Altars:
Ashenzari
Cheibriados
Dithmenos
Elyvilon
Fedhas
Gozag
Kikubaaqudgha
Nemelex Xobeh
Okawaru
Qazlal
Ru
Sif Muna
Uskayaw
Vehumet
Wu Jian
Xom
Yredelemnul
Zin
The Shining One


Innate Abilities, Weirdness & Mutations

You can breathe wild blasts of lightning.
Your glossy black scales are hard. (AC +6)
You cannot fit into any form of body armour.
You are resistant to electric shocks. (rElec)
You are cold-blooded and may be slowed by cold attacks.


Message History

The orc warrior hits you with a +0 short sword.
* * * LOW HITPOINT WARNING * * *
The orc completely misses you.
The orc priest hits you with a +0 short sword.
* * * LOW HITPOINT WARNING * * *
A divine shield forms around you!
You feel slightly more hungry. The orc warrior closely misses you.
You riposte.
You hit the orc warrior but do no damage.
You block the orc's attack. x2
The orc priest mumbles some strange prayers to Beogh against you.
Beogh smites you!
* * * LOW HITPOINT WARNING * * *
You hit the orc priest.
Your tail-slap misses the orc priest.
The orc priest is moderately wounded.
You block the orc warrior's attack. The orc misses you.
You riposte.
You hit the orc but do no damage. The orc barely misses you.
You riposte.
You hit the orc.
The orc is severely wounded.
The orc priest hits you with a +0 short sword.
You die...

# #. #.#
###..#+########
#.............#
#............+
#......o.....###
#.....@o....%...
#....ooo......#
...............#
.....#'#'#...#.#
#.#..#.#.#...#
#... #.#.#...#
### #.......'.
###.#...#..
#.#...#...


You could see an orc warrior, 2 orc priests and 2 orcs.

Vanquished Creatures
  An orc warrior (D:6)
  An ice beast (D:6)
  A bullfrog (D:3)
  A crimson imp (D:5)
  4 orc priests
  A hound (D:4)
  3 orc wizards
  Crazy Yiuf (D:2)
  A centaur skeleton (D:5)
  A worker ant (D:3)
  Natasha (twice) (D:2)
  A hound zombie (D:5)
  2 worker ant zombies
  4 gnolls (D:5)
  5 adders
  2 oozes
  A worm (D:3)
  A dart slug (D:1)
  A leopard gecko (D:3)
  18 orcs
  4 ball pythons
  7 giant cockroaches
  10 goblins
  7 hobgoblins
  2 jackals (D:5)
  A quokka (D:4)
  9 bats
  3 frilled lizards
  9 kobolds
  A leopard gecko skeleton (D:5)
  A quokka skeleton (D:4)
  A quokka zombie (D:6)
  9 rats
  A fungus (D:2)
117 creatures vanquished.

Notes
Turn   | Place    | Note
-------+----------+-------------------------------------------
     0 | D:1      | Gremour the Draconian Monk began the quest for the Orb.
     0 | D:1      | Reached XP level 1. HP: 19/19 MP: 1/1
   229 | D:1      | Reached XP level 2. HP: 27/27 MP: 2/2
   335 | D:1      | Reached skill level 4 in Fighting
   582 | D:1      | Reached XP level 3. HP: 28/33 MP: 3/3
   712 | D:2      | Noticed Natasha
   720 | D:2      | Killed Natasha
   911 | D:2      | Found a runed translucent door.
   912 | D:2      | Noticed Crazy Yiuf
   925 | D:2      | Killed Crazy Yiuf
   925 | D:2      | Reached skill level 5 in Fighting
   925 | D:2      | Reached XP level 4. HP: 4/42 MP: 4/4
  1319 | D:2      | Noticed Natasha
  1326 | D:2      | Killed Natasha
  1425 | D:2      | Reached XP level 5. HP: 45/48 MP: 5/5
  1564 | D:3      | Reached skill level 6 in Fighting
  1685 | D:3      | Reached XP level 6. HP: 58/58 MP: 6/6
  2286 | D:4      | Found a sacrificial altar of Ru.
  2429 | D:4      | Found a snail-covered altar of Cheibriados.
  2563 | D:4      | Reached skill level 7 in Fighting
  2846 | D:5      | Entered Level 5 of the Dungeon
  2886 | D:5      | Found a staircase to the Ecumenical Temple.
  2901 | Temple   | Entered the Ecumenical Temple
  2929 | Temple   | Became a worshipper of the Shining One
  2929 | Temple   | Reached * piety under the Shining One
  2929 | Temple   | Reached ** piety under the Shining One
  3214 | D:5      | Your scales start taking on a glossy black colour.
  3214 | D:5      | Reached XP level 7. HP: 61/66 MP: 7/7
  3214 | D:5      | Gained mutation: You are resistant to electric shocks.
                  | (rElec) [Black Draconian growth]
  3360 | D:5      | Found a hide-covered altar of Uskayaw.
  3757 | D:6      | Reached skill level 8 in Fighting
  3804 | D:6      | Reached skill level 5 in Dodging
  4024 | D:6      | HP: 1/69 [orc priest/divine providence (13)]
  4025 | D:6      | Slain by an orc priest

Levels and vault maps discovered:
D:1:      minmay_arrival_open_corners, layout_basic, serial_corexii_hall,
          chequers_hall_statues_wall_a, chequers_hall_statues_y,
          chequers_hall_statues_corner_a
D:2:      layout_basic, hangedman_decor_slide_cut, uniq_natasha,
          uniq_crazy_yiuf_cottage
D:3:      layout_loops_ring, first_ration, nrook_campfire
D:4:      layout_rooms, nicolae_overflow_crystal_walls,
          overflow_temple_1_default, corexii_shack
D:5:      layout_basic, old_standard_altar, temple_hall, minmay_misc_feat_iff
D:6:      cheibrodos_iron_armory, layout_basic, gammafunk_ghost_grave
Temple:   nicolae_temple_elliptical

Skill      XL: |  1  2  3  4  5  6  7 |
---------------+----------------------+-----
Dodging        | 3 4 5 |  5.1
Fighting       | 4 5 6 7 8 |  8.8
Long Blades    | |  3.0
Stealth        | |  1.7
Evocations     | |  0.9

Action                   |  1- 3 |  4- 6 |  7- 9 || total
-------------------------+-------+-------+-------++-------
Melee: Falchion          |    85 |    15 |    84 ||   184
       Tailslap          |    20 |     9 |    22 ||    51
       Unarmed           |     3 |       |       ||     3
       Quarterstaff      |       |   141 |       ||   141
Invok: Divine Shield     |       |       |     1 ||     1
 Abil: Evoke Invisibilit |       |     1 |       ||     1
       Breathe Lightning |       |       |     1 ||     1
  Use: Scroll            |       |       |     2 ||     2
 Stab: Sleeping          |     3 |     6 |       ||     9
  Eat: Chunk             |       |     7 |       ||     7
       Ration            |       |       |     1 ||     1
Armor: Skin              |    19 |    43 |    15 ||    77
Dodge: Dodged            |    41 |   116 |    74 ||   231
Block: Other             |       |       |     3 ||     3
       Rpst.: Falchion   |    17 |     1 |    30 ||    48
